[Event "42nd Olympiad Baku 2016 Women"]
[Site "Baku"]
[Date "2016.09.06"]
[Round "5.20"]
[White "Shibata, Misaki"]
[Black "Nunez Gonzalez, Neeshmy"]
[Result "0-1"]
[ECO "E82"]
[WhiteElo "1638"]
[BlackElo "1833"]
[Annotator ""]
[PlyCount "52"]
[EventDate "2016.??.??"]
[EventType "team-tourn"]
[EventCountry "AZE"]
[SourceTitle "playchess.com"]
[Source "ChessBase"]
[WhiteTeam "Japan"]
[BlackTeam "Costa Rica"]
[WhiteTeamCountry "JPN"]
[BlackTeamCountry "CRI"]
[TimeControl "40/5400+30:1800+30"]

1. d4 {(00:00)} Nf6 {(00:00)} 2. c4 {(00:00)} g6 {(
00:00)} 3. Nc3 {(00:00)} Bg7 {(00:05)} 4. e4 {(00:00)} d6
{(00:17)} 5. f3 {(00:04)} O-O {(00:18)} 6. Be3 {(
00:04)} b6 {(04:41)} 7. Bd3 {(01:43)} a6 {(03:16)} 8. Nge2
{(00:33)} c5 {(00:24)} 9. Qd2 {(02:27)} Nc6 {(03:
16)} 10. O-O-O {(22:17)} Bd7 {(15:09)} 11. Kb1 {(09:53)}
Rb8 {(06:38)} 12. d5 {(15:49)} Ne5 {(02:13)} 13. Nc1 {
(00:29)} Nxd3 {(01:36)} 14. Nxd3 {(02:06)} Qc7 {(
10:09)} 15. Bh6 {(02:24)} b5 {(01:48)} 16. cxb5 {(05:31)}
axb5 {(00:46)} 17. h4 {(04:20)} b4 {(07:15)} 18. Ne2 {
(00:53)} Qa5 {(29:51)} 19. Ndc1 {(05:17)} c4 {(04:
46)} 20. Qg5 {(06:36)} c3 {(04:04)} 21. Nb3 {(12:35)} Qa6
{(00:52)} 22. Ned4 {(00:24)} Ra8 {(00:57)} 23. Nc1 {
(00:44)} Rfc8 {(00:50)} 24. Nc2 {(04:10)} cxb2 {(
00:43)} 25. Nxb4 {(01:01)} bxc1=Q+ {(00:14)} 26. Rxc1 {(
00:12)} Rcb8 0-1

[Event "42nd Olympiad Baku 2016 Women"]
[Site "Baku"]
[Date "2016.09.06"]
[Round "5.9"]
[White "Shvayger, Yuliya"]
[Black "Peptan, Corina-Isabela"]
[Result "1/2-1/2"]
[ECO "C09"]
[WhiteElo "2408"]
[BlackElo "2394"]
[Annotator ""]
[PlyCount "142"]
[EventDate "2016.??.??"]
[EventType "team-tourn"]
[EventCountry "AZE"]
[SourceTitle "playchess.com"]
[Source "ChessBase"]
[WhiteTeam "Israel"]
[BlackTeam "Romania"]
[WhiteTeamCountry "ISR"]
[BlackTeamCountry "ROU"]
[TimeControl "40/5400+30:1800+30"]

1. e4 {(00:00)} e6 {(00:00)} 2. d4 {(00:08)} d5 {(
00:00)} 3. Nd2 {(00:21)} c5 {(00:00)} 4. exd5 {(00:38)}
exd5 {(00:00)} 5. Ngf3 {(00:22)} Nc6 {(00:11)} 6. Bb5 {
(01:32)} cxd4 {(02:42)} 7. Nxd4 {(09:57)} Qe7+ {(
00:09)} 8. Qe2 {(01:26)} Qxe2+ {(00:09)} 9. Kxe2 {(00:42)}
Bd7 {(00:04)} 10. N2b3 {(01:51)} Bd6 {(02:51)} 11. Bg5 {
(10:58)} f6 {(06:21)} 12. Bh4 {(02:08)} Nge7 {(00:
30)} 13. c3 {(08:16)} a6 {(16:38)} 14. Bd3 {(00:21)} Ne5 {
(06:48)} 15. Bg3 {(01:43)} Kf7 {(04:39)} 16. a4 {(
02:21)} Rac8 {(03:36)} 17. Rhd1 {(04:25)} h5 {(05:33)} 18.
h4 {(05:25)} Nxd3 {(09:47)} 19. Rxd3 {(01:11)} Bxg3 {
(00:29)} 20. fxg3 {(02:38)} Ng6 {(05:52)} 21. Nd2 {
(09:10)} Ne5 {(01:39)} 22. Re3 {(00:11)} Ng4 {(02:
53)} 23. Rd3 {(01:22)} Rhe8+ {(00:11)} 24. Kf1 {(00:12)}
Re7 {(00:55)} 25. N2f3 {(03:45)} Ne3+ {(06:49)} 26. Kg1 {
(01:22)} Nc4 {(00:20)} 27. b3 {(03:20)} Nd6 {(02:
02)} 28. Rc1 {(06:27)} Ne4 {(01:01)} 29. Kh2 {(03:13)} Nc5
{(07:30)} 30. Rdd1 {(05:56)} Bg4 {(04:47)} 31. c4 {
(06:27)} Rd8 {(02:58)} 32. b4 {(03:32)} Nxa4 {(00:
43)} 33. Nb3 {(00:52)} Nb6 {(07:03)} 34. c5 {(00:10)} Nc4
{(00:34)} 35. Rd4 {(01:20)} Bxf3 {(00:32)} 36. gxf3 {
(00:13)} Re3 {(00:35)} 37. Na5 {(00:37)} Nxa5 {(00:
24)} 38. bxa5 {(00:02)} Ra3 {(00:25)} 39. Rb1 {(00:35)}
Rd7 {(00:25)} 40. Rdb4 {(00:00)} Rxa5 {(00:00)} 41. Rxb7 {
(00:28)} Rxb7 {(00:36)} 42. Rxb7+ {(00:03)} Ke6 {(
00:28)} 43. Rxg7 {(05:38)} Rxc5 {(02:30)} 44. Ra7 {(00:27]
} a5 {(01:11)} 45. g4 {(00:42)} d4 {(08:27)} 46. Kg2 {
(07:15)} Rc2+ {(04:49)} 47. Kf1 {(00:18)} hxg4 {(
00:11)} 48. fxg4 {(01:37)} Ra2 {(09:02)} 49. g5 {(04:22)}
fxg5 {(00:10)} 50. hxg5 {(00:01)} Kf5 {(05:31)} 51. Rd7 {
(03:01)} a4 {(00:48)} 52. Rxd4 {(01:36)} Ra1+ {(00:
45)} 53. Kg2 {(04:55)} Kxg5 {(00:02)} 54. Kh2 {(00:18)}
Kf5 {(00:07)} 55. Rb4 {(00:25)} Ke5 {(00:05)} 56. Rg4 {
(00:30)} Kd5 {(00:08)} 57. Rf4 {(00:53)} a3 {(02:
06)} 58. Rf3 {(00:25)} Ke4 {(00:39)} 59. Rg3 {(01:09)}
Ra2+ {(00:15)} 60. Kh1 {(01:05)} Ke5 {(00:41)} 61. Rb3 {
(00:32)} Ra1+ {(00:35)} 62. Kh2 {(00:06)} Kf4 {(00:
20)} 63. Rc3 {(00:28)} Ke4 {(00:45)} 64. Rb3 {(00:32)} Kd4
{(00:41)} 65. Rg3 {(00:14)} Ra2+ {(00:12)} 66. Kh1 {
(00:05)} Kc4 {(00:57)} 67. Rg4+ {(00:34)} Kd3 {(00:
46)} 68. Rg3+ {(00:07)} Ke4 {(00:18)} 69. Rb3 {(00:11)}
Kf4 {(00:40)} 70. Rc3 {(00:08)} Ra1+ {(00:25)} 71. Kh2 {
(00:10)} Ke4 {(00:51)} 1/2-1/2

[Event "42nd Olympiad Baku 2016 Women"]
[Site "Baku"]
[Date "2016.09.06"]
[Round "5.33"]
[White "Silva Rosas, Natalia"]
[Black "Jennitha, Anto K"]
[Result "1/2-1/2"]
[ECO "B25"]
[WhiteElo "1812"]
[BlackElo "1953"]
[Annotator ""]
[PlyCount "112"]
[EventDate "2016.??.??"]
[EventType "team-tourn"]
[EventCountry "AZE"]
[SourceTitle "playchess.com"]
[Source "ChessBase"]
[WhiteTeam "URU"]
[BlackTeam "IPCA"]
[WhiteTeamCountry "URU"]
[BlackTeamCountry "IND"]
[TimeControl "40/5400+30:1800+30"]

1. e4 {(00:00)} c5 {(00:00)} 2. Nc3 {(00:00)} Nc6 {
(00:00)} 3. g3 {(00:00)} g6 {(00:06)} 4. Bg2 {(00:
00)} Bg7 {(00:13)} 5. d3 {(00:00)} d6 {(00:16)} 6. f4 {
(00:08)} e6 {(00:11)} 7. Nf3 {(00:18)} Nge7 {(00:
05)} 8. O-O {(00:34)} O-O {(00:04)} 9. Be3 {(00:13)} Nd4 {
(02:07)} 10. Bf2 {(00:05)} Nec6 {(03:44)} 11. Nxd4 {
(01:48)} Nxd4 {(01:46)} 12. e5 {(02:24)} dxe5 {(26:
11)} 13. fxe5 {(00:03)} Bxe5 {(00:15)} 14. Ne4 {(00:06)}
f5 {(00:32)} 15. Nxc5 {(00:23)} Qc7 {(13:47)} 16. b4 {
(05:41)} Bg7 {(03:55)} 17. c3 {(08:56)} Nb5 {(03:
37)} 18. Rc1 {(00:33)} Rb8 {(07:12)} 19. Qb3 {(06:23)} Qd6
{(03:31)} 20. Rfe1 {(12:10)} Nc7 {(01:41)} 21. Be3 {
(09:08)} Kh8 {(00:32)} 22. d4 {(05:45)} e5 {(19:06]
} 23. dxe5 {(01:09)} Bxe5 {(00:05)} 24. Rcd1 {(00:19)} Qf6
{(02:50)} 25. Nd7 {(10:18)} Bxd7 {(00:44)} 26. Rxd7 {
(00:02)} Rbd8 {(00:15)} 27. Red1 {(00:32)} Ne6 {(
06:12)} 28. Bh6 {(04:43)} Rfe8 {(02:02)} 29. Be3 {(08:20)}
f4 {(01:23)} 30. Rxd8 {(02:57)} Rxd8 {(00:05)} 31. Rxd8+ {
(00:43)} Nxd8 {(00:17)} 32. gxf4 {(03:58)} Bxf4 {(
00:03)} 33. Bxa7 {(00:50)} Be5 {(00:35)} 34. Qc4 {(03:53)}
Bxc3 {(00:49)} 35. Bf2 {(01:52)} Be5 {(01:13)} 36. Qd5 {
(02:38)} h5 {(01:27)} 37. Qd7 {(03:33)} h4 {(00:40]
} 38. Qh3 {(00:37)} g5 {(00:22)} 39. Qg4 {(00:51)} Ne6 {
(00:19)} 40. Qh5+ {(00:00)} Kg7 {(00:00)} 41. Qf3 {
(04:21)} Nd8 {(08:08)} 42. Qxf6+ {(02:38)} Kxf6 {(
01:56)} 43. b5 {(03:41)} Ke6 {(01:24)} 44. Bb6 {(01:51)}
Bf6 {(02:30)} 45. Kf2 {(00:36)} Kd7 {(00:56)} 46. Bxd8 {
(03:48)} Bxd8 {(01:03)} 47. Bxb7 {(00:07)} g4 {(00:
33)} 48. Be4 {(01:52)} g3+ {(00:18)} 49. hxg3 {(00:24)}
hxg3+ {(00:01)} 50. Kxg3 {(00:07)} Kc7 {(00:05)} 51. Kf4 {
(00:17)} Kb6 {(00:01)} 52. a4 {(00:24)} Be7 {(00:
02)} 53. Ke5 {(00:16)} Bb4 {(00:02)} 54. Ke6 {(00:53)} Ba5
{(00:03)} 55. Kd7 {(01:17)} Bb4 {(00:03)} 56. Kc8 {
(01:29)} Ba5 {(00:03)} 1/2-1/2

[Event "42nd Olympiad Baku 2016 Women"]
[Site "Baku"]
[Date "2016.09.06"]
[Round "5.19"]
[White "Sivarajasingam, Shayanna"]
[Black "Espinosa Cancino, Monica"]
[Result "0-1"]
[ECO "B27"]
[WhiteElo "1687"]
[BlackElo "1679"]
[Annotator ""]
[PlyCount "138"]
[EventDate "2016.??.??"]
[EventType "team-tourn"]
[EventCountry "AZE"]
[SourceTitle "playchess.com"]
[Source "ChessBase"]
[WhiteTeam "Wales"]
[BlackTeam "Scotland"]
[WhiteTeamCountry "WLS"]
[BlackTeamCountry "SCO"]
[TimeControl "40/5400+30:1800+30"]

1. e4 {(00:00)} c5 {(00:00)} 2. Nf3 {(00:00)} g6 {(
00:00)} 3. Bc4 {(04:29)} Bg7 {(00:17)} 4. O-O {(00:22)} d6
{(01:55)} 5. c3 {(10:50)} Nc6 {(09:56)} 6. h3 {(09:
41)} Nf6 {(03:37)} 7. Re1 {(09:59)} O-O {(12:52)} 8. Bb5 {
(18:05)} Nd7 {(06:33)} 9. Bxc6 {(05:23)} bxc6 {(00:
11)} 10. d4 {(01:20)} cxd4 {(03:16)} 11. Nxd4 {(01:38)}
Bb7 {(03:42)} 12. Nd2 {(08:46)} Qc8 {(10:22)} 13. Qc2 {
(05:21)} Ba6 {(07:57)} 14. Ne2 {(07:09)} Nc5 {(04:
51)} 15. c4 {(03:28)} d5 {(07:33)} 16. exd5 {(04:04)} cxd5
{(00:10)} 17. Nf4 {(00:58)} dxc4 {(03:22)} 18. Nxc4 {
(00:47)} e6 {(03:29)} 19. Nd6 {(03:09)} Qc6 {(00:
45)} 20. Ne4 {(00:52)} Rfc8 {(00:38)} 21. Nc3 {(00:49)}
Nd7 {(01:27)} 22. Bd2 {(00:20)} Ne5 {(00:46)} 23. Qe4 {
(01:56)} Qc7 {(03:39)} 24. Be3 {(01:17)} Nc4 {(00:
51)} 25. Qc2 {(00:32)} Nxb2 {(02:04)} 26. Qxb2 {(00:45)}
Bxc3 {(00:29)} 27. Qa3 {(00:18)} Bxe1 {(01:12)} 28. Rxe1 {
(00:17)} Bb5 {(01:51)} 29. Ne2 {(00:49)} e5 {(02:
37)} 30. Rc1 {(00:49)} Qd7 {(00:18)} 31. Rxc8+ {(00:14)}
Rxc8 {(00:27)} 32. Nc3 {(00:24)} a6 {(02:28)} 33. Bh6 {
(00:36)} Bd3 {(02:44)} 34. Na4 {(00:35)} Rd8 {(02:
07)} 35. Nb2 {(00:30)} Bb5 {(00:42)} 36. Qf3 {(00:26)} Qf5
{(00:53)} 37. Qa3 {(00:22)} Qb1+ {(00:30)} 38. Kh2 {
(00:05)} Re8 {(00:35)} 39. Qd6 {(00:44)} Qf5 {(00:
37)} 40. Nd1 {(00:00)} Qe6 {(00:00)} 41. Qa3 {(01:25)} Qe7
{(05:11)} 42. Qg3 {(01:37)} f6 {(01:35)} 43. h4 {(
04:43)} Qe6 {(05:52)} 44. Nc3 {(01:46)} Bc6 {(01:55)} 45.
a4 {(01:41)} Qf5 {(02:55)} 46. Kg1 {(11:12)} Kf7 {(
02:04)} 47. a5 {(05:27)} Re7 {(08:55)} 48. Be3 {(03:02)}
Rd7 {(00:48)} 49. Ne2 {(01:00)} Rd1+ {(00:41)} 50. Kh2 {
(00:06)} Qb1 {(01:21)} 51. Nc1 {(00:25)} Rxc1 {(00:
34)} 52. Bxc1 {(00:06)} Qxc1 {(00:04)} 53. Qb3+ {(00:08)}
Kg7 {(00:14)} 54. f3 {(02:44)} Qf4+ {(00:28)} 55. Kg1 {
(00:26)} Qxh4 {(00:33)} 56. Qa3 {(00:35)} Qd4+ {(
00:46)} 57. Kh1 {(00:20)} Kf7 {(00:30)} 58. Qb3+ {(00:15)}
Qd5 {(01:21)} 59. Qb6 {(00:14)} Bb5 {(00:29)} 60. Qc7+ {
(00:19)} Qd7 {(00:04)} 61. Qc3 {(00:13)} Qc6 {(00:
56)} 62. Qd2 {(00:30)} Qd7 {(00:44)} 63. Qa2+ {(00:31)}
Qe6 {(00:17)} 64. Qd2 {(00:15)} e4 {(00:26)} 65. fxe4 {
(00:55)} Qxe4 {(00:05)} 66. Qd8 {(01:17)} Bc6 {(00:
43)} 67. Qd2 {(00:15)} Qxg2+ {(00:32)} 68. Qxg2 {(00:08)}
Bxg2+ {(00:04)} 69. Kxg2 {(00:07)} Ke6 {(00:05)} 0-1

[Event "42nd Olympiad Baku 2016 Women"]
[Site "Baku"]
[Date "2016.09.06"]
[Round "5.24"]
[White "Smith, Melisha"]
[Black "Lubuuto Bwalya Mulwale"]
[Result "1-0"]
[ECO "D43"]
[WhiteElo "1719"]
[BlackElo "1529"]
[Annotator ""]
[PlyCount "99"]
[EventDate "2016.??.??"]
[EventType "team-tourn"]
[EventCountry "AZE"]
[SourceTitle "playchess.com"]
[Source "ChessBase"]
[WhiteTeam "Jamaica"]
[BlackTeam "Zambia"]
[WhiteTeamCountry "JAM"]
[BlackTeamCountry "ZAM"]
[TimeControl "40/5400+30:1800+30"]

1. d4 {(00:00)} d5 {(00:00)} 2. c4 {(00:00)} c6 {(
00:00)} 3. Nc3 {(00:00)} e6 {(00:00)} 4. Nf3 {(00:24)} Nf6
{(00:14)} 5. Bf4 {(00:26)} Nbd7 {(02:02)} 6. e3 {(
00:12)} Qa5 {(00:48)} 7. a3 {(01:49)} dxc4 {(03:33)} 8.
Bxc4 {(00:55)} b5 {(00:46)} 9. Bd3 {(08:48)} Nd5 {(
02:50)} 10. Qc2 {(02:26)} Bb4 {(07:24)} 11. O-O {(05:34)}
Bxc3 {(05:37)} 12. bxc3 {(00:16)} Nxf4 {(02:04)} 13. exf4
{(00:55)} Nf6 {(03:19)} 14. Ne5 {(04:11)} Bb7 {(03:
05)} 15. f5 {(01:10)} exf5 {(04:47)} 16. Bxf5 {(01:06)} g6
{(04:08)} 17. Rfe1 {(21:36)} O-O {(01:15)} 18. Nxg6 {
(06:25)} hxg6 {(03:53)} 19. Bxg6 {(05:53)} Qc7 {(
03:58)} 20. Bf5 {(00:57)} Kg7 {(01:00)} 21. Qd2 {(08:15)}
Nh7 {(08:59)} 22. Re4 {(03:29)} Rh8 {(04:01)} 23. Rh4 {
(04:41)} f6 {(03:31)} 24. Qh6+ {(03:59)} Kf7 {(07:
16)} 25. Qg6+ {(02:33)} Kf8 {(05:42)} 26. Rxh7 {(00:50)}
Rxh7 {(01:17)} 27. Qxh7 Qxh7 {(02:53)} 28. Bxh7 {(00:18)}
Bc8 {(01:20)} 29. Re1 {(01:44)} a5 {(00:44)} 30. h4 {
(02:41)} Kf7 {(00:53)} 31. h5 {(02:32)} Ra7 {(02:
29)} 32. Bg6+ {(00:28)} Kg7 {(00:22)} 33. Be8 {(01:15)}
Rc7 {(01:41)} 34. f3 {(01:23)} Kh6 {(02:19)} 35. Kf2 {
(00:42)} a4 {(01:01)} 36. Kg3 {(00:21)} Rg7+ {(01:
52)} 37. Kf2 {(01:13)} Rc7 {(01:25)} 38. Re4 {(03:24)} Bf5
{(02:03)} 39. Re3 {(00:49)} Bc8 {(00:18)} 40. g4 {(
00:00)} f5 {(00:00)} 41. Kg3 {(06:43)} fxg4 {(05:31)} 42.
fxg4 {(00:31)} Rg7 {(03:17)} 43. Bg6 {(00:28)} Bd7 {
(02:44)} 44. Kh4 {(02:58)} Bxg4 {(06:07)} 45. Kxg4 {
(01:14)} Rc7 {(01:09)} 46. Rf3 {(03:38)} c5 {(01:
19)} 47. Rf7 {(00:46)} Rxf7 {(00:23)} 48. Bxf7 {(00:22)}
c4 {(04:26)} 49. Bg6 {(01:32)} b4 {(04:56)} 50. cxb4 {
(00:12)} 1-0

[Event "42nd Olympiad Baku 2016 Women"]
[Site "Baku"]
[Date "2016.09.06"]
[Round "5.17"]
[White "Smith, Olivia"]
[Black "Arakhamia-Grant, Ketevan"]
[Result "1/2-1/2"]
[ECO "B40"]
[WhiteElo "2002"]
[BlackElo "2381"]
[Annotator ""]
[PlyCount "85"]
[EventDate "2016.??.??"]
[EventType "team-tourn"]
[EventCountry "AZE"]
[SourceTitle "playchess.com"]
[Source "ChessBase"]
[WhiteTeam "Wales"]
[BlackTeam "Scotland"]
[WhiteTeamCountry "WLS"]
[BlackTeamCountry "SCO"]
[TimeControl "40/5400+30:1800+30"]

1. e4 {(00:00)} c5 {(00:00)} 2. Nf3 {(00:00)} e6 {(
00:00)} 3. g3 {(00:00)} d5 {(08:03)} 4. exd5 {(00:09)}
exd5 {(00:16)} 5. d4 {(00:10)} Nf6 {(00:17)} 6. Bg2 {
(00:48)} Be7 {(00:22)} 7. O-O {(00:19)} O-O {(00:
18)} 8. Nc3 {(00:33)} Bg4 {(02:31)} 9. h3 {(02:39)} Bxf3 {
(08:09)} 10. Qxf3 {(02:16)} cxd4 {(05:00)} 11. Nxd5 {
(00:42)} Nxd5 {(01:07)} 12. Qxd5 {(00:06)} Nc6 {(
00:20)} 13. Qxd8 {(03:41)} Raxd8 {(02:01)} 14. Bxc6 {(04:
16)} bxc6 {(00:05)} 15. Bf4 {(00:43)} Bf6 {(09:20)} 16.
Rfe1 {(05:29)} Rd5 {(01:30)} 17. Rad1 {(02:11)} g5 {
(13:10)} 18. Bc1 {(03:59)} Ra5 {(08:16)} 19. a3 {(
00:22)} c5 {(00:50)} 20. Re4 {(01:54)} Rc8 {(04:15)} 21.
Rde1 {(02:50)} Kf8 {(09:30)} 22. h4 {(01:10)} h6 {(
00:29)} 23. hxg5 {(02:01)} hxg5 {(00:05)} 24. f4 {(11:14)}
c4 {(02:43)} 25. fxg5 {(00:17)} Bxg5 {(04:53)} 26. Rxd4 {
(02:10)} Bxc1 {(00:52)} 27. Rxc1 {(00:04)} c3 {(00:
18)} 28. bxc3 {(01:37)} Rxa3 {(04:20)} 29. Rd3 {(06:00)}
a5 {(03:36)} 30. c4 {(01:14)} Ra4 {(00:16)} 31. Rd7 {
(02:04)} Raxc4 {(06:12)} 32. Rf1 {(01:07)} Rg4 {(
02:33)} 33. Rdxf7+ {(02:59)} Kg8 {(00:13)} 34. R7f3 {(14:
41)} Rxc2 {(00:34)} 35. R1f2 {(05:53)} Rc7 {(02:47)} 36.
Kg2 {(00:48)} Ra7 {(01:06)} 37. Ra3 {(01:05)} a4 {(
00:39)} 38. Rf4 {(00:17)} Rxf4 {(00:34)} 39. gxf4 {(00:04]
} Kf7 {(00:10)} 40. Kf3 {(00:00)} Ke6 {(00:00)} 41. Ke4 {
(00:52)} Kd6 {(10:27)} 42. Kd4 {(01:44)} Rf7 {(03:
11)} 43. Ke4 {Ke5+} 1/2-1/2

[Event "42nd Olympiad Baku 2016 Women"]
[Site "Baku"]
[Date "2016.09.06"]
[Round "5.9"]
[White "Socko, Monika"]
[Black "Marrero Lopez, Yaniet"]
[Result "1-0"]
[ECO "C58"]
[WhiteElo "2437"]
[BlackElo "2281"]
[Annotator ""]
[PlyCount "129"]
[EventDate "2016.??.??"]
[EventType "team-tourn"]
[EventCountry "AZE"]
[SourceTitle "playchess.com"]
[Source "ChessBase"]
[WhiteTeam "Poland"]
[BlackTeam "Cuba"]
[WhiteTeamCountry "POL"]
[BlackTeamCountry "CUB"]
[TimeControl "40/5400+30:1800+30"]

1. e4 {(00:00)} e5 {(00:00)} 2. Nf3 {(00:00)} Nc6 {
(00:00)} 3. Bc4 {(00:00)} Nf6 {(00:02)} 4. Ng5 {(
00:00)} d5 {(00:20)} 5. exd5 {(00:00)} Na5 {(00:05)} 6.
Bb5+ {(00:00)} c6 {(00:03)} 7. dxc6 {(00:03)} bxc6 {
(00:04)} 8. Qf3 {(00:08)} Be7 {(00:36)} 9. Bd3 {(
02:18)} h6 {(05:44)} 10. Ne4 {(00:34)} Nd5 {(00:13)} 11.
Ng3 {(06:15)} g6 {(09:11)} 12. O-O {(11:06)} O-O {(
02:51)} 13. Re1 {(03:54)} Bf6 {(10:49)} 14. Na3 {(10:28)}
Bg7 {(01:17)} 15. Bf1 {(06:37)} f5 {(05:12)} 16. d3 {
(01:04)} Rb8 {(01:12)} 17. Rb1 {(04:32)} c5 {(11:
51)} 18. Bd2 {(03:11)} Bb7 {(00:37)} 19. Qd1 {(01:23)} Nc6
{(07:10)} 20. c3 {(06:11)} Kh7 {(05:39)} 21. Nc4 {(
04:31)} Qh4 {(01:25)} 22. f3 {(03:40)} Rbd8 {(01:57)} 23.
Qe2 {(02:12)} Nc7 {(03:54)} 24. Qf2 {(05:28)} Ne6 {
(00:55)} 25. a3 {(01:54)} Ba6 {(05:59)} 26. Rbd1 {(
03:06)} Bxc4 {(01:27)} 27. dxc4 {(00:03)} Na5 {(01:02)}
28. Nh1 {(05:10)} Qe7 {(01:13)} 29. Be3 {(01:30)} Nb3 {
(02:42)} 30. Rd5 {(01:20)} Qb7 {(01:26)} 31. Red1 {
(01:21)} f4 {(00:46)} 32. Bc1 {(01:12)} Nxc1 {(00:
31)} 33. Rxc1 {(01:09)} Rxd5 {(01:20)} 34. cxd5 {(00:01)}
Qxd5 {(00:22)} 35. Qc2 {(00:23)} Rd8 {(06:33)} 36. Nf2 {
(00:22)} Qd2 {(00:08)} 37. Bc4 {(04:27)} Nc7 {(03:
02)} 38. Qxd2 {(05:45)} Rxd2 {(00:03)} 39. b3 {(00:12)}
Rd8 {(03:52)} 40. Nd3 {(00:00)} Bf6 {(00:00)} 41. Nxc5 {
(06:54)} Be7 {(06:56)} 42. Nd3 {(02:31)} Nd5 {(01:
24)} 43. Bxd5 {(08:08)} Rxd5 {(00:02)} 44. Rd1 {(00:06)}
Bxa3 {(03:23)} 45. Kf1 {(00:03)} Bc5 {(06:02)} 46. Ke2 {
(00:55)} Be3 {(01:02)} 47. Ra1 {(00:30)} Kg7 {(01:
56)} 48. Ra6 {(01:40)} g5 {(05:27)} 49. c4 {(01:21)} Rd7 {
(00:17)} 50. Re6 {(04:10)} Bd4 {(01:37)} 51. b4 {(
02:37)} Rc7 {(02:30)} 52. c5 {(01:32)} h5 {(02:10)} 53.
Nxe5 {(01:15)} Bg1 {(03:26)} 54. c6 {(03:26)} a6 {(
02:37)} 55. Kd3 {(00:53)} Rc8 {(04:09)} 56. Ke4 {(01:09)}
g4 {(02:02)} 57. fxg4 {(00:30)} hxg4 {(00:01)} 58. Nxg4 {
(00:31)} Kf7 {(01:03)} 59. Kd5 {(00:21)} Bb6 {(00:
53)} 60. Ne5+ {(00:23)} Kg7 {(00:21)} 61. h4 {(00:58)} Kh7
{(00:53)} 62. Re7+ {(00:21)} Kh6 {(00:24)} 63. Kd6 {
(00:30)} Rg8 {(00:45)} 64. Rb7 {(00:47)} Bd8 {(00:
35)} 65. Nf7+ {(00:11)} 1-0

[Event "42nd Olympiad Baku 2016 Women"]
[Site "Baku"]
[Date "2016.09.06"]
[Round "5.30"]
[White "Song, Kate"]
[Black "Vukikomoala, Hilda"]
[Result "1-0"]
[ECO "C60"]
[WhiteElo "1681"]
[BlackElo "1455"]
[Annotator ""]
[PlyCount "127"]
[EventDate "2016.??.??"]
[EventType "team-tourn"]
[EventCountry "AZE"]
[SourceTitle "playchess.com"]
[Source "ChessBase"]
[WhiteTeam "New Zealand"]
[BlackTeam "Fiji"]
[WhiteTeamCountry "NZL"]
[BlackTeamCountry "FIJ"]
[TimeControl "40/5400+30:1800+30"]

1. e4 {(00:00)} e5 {(00:00)} 2. Nf3 {(00:00)} Nc6 {
(00:00)} 3. Bb5 {(00:00)} Nge7 {(00:00)} 4. O-O {(
00:14)} d6 {(01:56)} 5. h3 {(00:34)} Bd7 {(00:18)} 6. c3 {
(01:40)} g6 {(00:51)} 7. d4 {(00:35)} Bg7 {(00:53)}
8. Be3 {(04:14)} O-O {(00:25)} 9. Re1 {(00:55)} a6 {
(04:23)} 10. Bc4 {(01:55)} Na5 {(13:08)} 11. Bd3 {(
00:12)} Nac6 {(04:22)} 12. Qd2 {(04:59)} Re8 {(09:14)} 13.
Bc2 {(02:22)} Qc8 {(08:35)} 14. Bh6 {(06:43)} Nd8 {
(12:48)} 15. Bxg7 {(00:44)} Kxg7 {(00:09)} 16. dxe5 {
(00:16)} dxe5 {(00:48)} 17. Nxe5 {(00:22)} Be6 {(
01:28)} 18. Qf4 {(01:40)} Ndc6 {(00:52)} 19. Ng4 {(00:17)}
Bxg4 {(01:42)} 20. hxg4 {(00:16)} Ng8 {(04:08)} 21. Nd2 {
(03:28)} Re7 {(01:27)} 22. Nf3 {(00:55)} Qe6 {(07:
28)} 23. Bb3 {(01:13)} Qd6 {(02:05)} 24. e5 {(01:59)} Qc5
{(01:19)} 25. Rad1 {(03:05)} Rd8 {(05:30)} 26. Rxd8 {
(02:12)} Nxd8 {(00:05)} 27. Qd4 {(00:29)} Ne6 {(02:
47)} 28. Bxe6 {(00:31)} Qxd4 {(00:18)} 29. cxd4 {(00:30)}
Rxe6 {(01:36)} 30. d5 {(00:34)} Rb6 {(01:08)} 31. b3 {
(00:14)} Rb5 {(01:57)} 32. Rd1 {(01:04)} Kf8 {(01:
57)} 33. Ng5 {(06:12)} h6 {(00:57)} 34. Ne4 {(00:29)} Ke7
{(01:23)} 35. Rd4 {(01:48)} a5 {(02:23)} 36. f4 {(
01:18)} Kd7 {(01:13)} 37. Kf2 {(02:21)} Ke7 {(00:54)} 38.
Ke3 {(00:32)} Kd7 {(02:09)} 39. Kd3 {(01:24)} Ke7 {
(01:20)} 40. Nc3 {(00:00)} Rc5 {(00:00)} 41. a3 {(
02:28)} c6 {(10:39)} 42. b4 {(00:22)} Rxc3+ {(01:03)} 43.
Kxc3 {(00:05)} cxd5 {(00:10)} 44. Rxd5 {(00:08)} axb4+ {
(00:42)} 45. Kxb4 {(00:17)} Ke8 {(00:31)} 46. Rb5 {
(00:19)} Ne7 {(00:13)} 47. Kc4 {(00:11)} Nc6 {(01:
35)} 48. Kd3 {(00:33)} Nd8 {(00:28)} 49. f5 {(00:26)} Ke7
{(00:45)} 50. Ke4 {(00:15)} Kd7 {(02:33)} 51. Rd5+ {
(00:22)} Ke7 {(00:22)} 52. Rxd8 {(00:14)} Kxd8 {(
00:14)} 53. Kd5 {(00:04)} Kd7 {(00:23)} 54. e6+ {(00:05)}
fxe6+ {(00:33)} 55. fxe6+ {(00:04)} Ke7 {(02:53)} 56. a4 {
(00:16)} b6 {(00:24)} 57. g3 {(01:46)} g5 {(00:53)}
58. Ke5 {(00:07)} Ke8 {(00:25)} 59. Kd6 {(00:19)} Kd8 {
(00:16)} 60. Kc6 {(00:07)} Ke7 {(00:09)} 61. Kxb6 {
(00:04)} Kxe6 {(00:16)} 62. a5 {(00:04)} Kd7 {(00:
09)} 63. Kb7 {(00:06)} Kd6 {(01:12)} 64. a6 {(00:05)} 1-0